 Dungeon Crawl Stone Soup version 0.15.2 (webtiles) character file.

8 dscm the Digger (level 2, -9/17 HPs)
             Began as an Octopode Earth Elementalist on Dec 13, 2016.
             Mangled by Skeucor the merfolk
             ... wielding a +4 trident of venom
             ... created by the player character
              (21 damage)
             ... on Level 4 of the Dungeon.
             The game lasted 00:02:59 (461 turns).

dscm the Digger (Octopode Earth Elementalist)        Turns: 461, Time: 00:02:59

HP  -9/17        AC  1     Str  5      XL: 2   Next:  8%
MP   4/4         EV 12     Int 19      God:
Gold 58          SH  0     Dex 12      Spells:  1 memorised,  4 levels left

rFire  . . .     SeeInvis .     (no weapon)
rCold  . . .     Clarity  .     (no shield)
rNeg   . . .     rCorr    .     (helmet restricted)
rPois  .         rRot     .     (no amulet)
rElec  .         Spirit   .     (no ring)
SustAb .         Warding  .     (no ring)
rMut   .         Stasis   .     (no ring)
Gourm  .                        (no ring)
MR     .....                    (no ring)
                                (no ring)
                                (no ring)
                                (no ring)

@: not resistant to hostile enchantments, fairly stealthy
A: almost no armour, amphibious, 8 rings, constrict 8, camouflage 1, wild magic
1, gelatinous body 1
a: no special abilities


You were on level 4 of the Dungeon.
You were not hungry.

You visited 1 branch of the dungeon, and saw 4 of its levels.

You collected 58 gold pieces.

Inventory:

Missiles
 b - 57 stones (quivered)
 j - 13 steel bolts
Comestibles
 a - a bread ration
 c - a beef jerky
Scrolls
 h - a scroll of magic mapping {unknown}
Potions
 f - a potion of invisibility {unknown}
 g - a potion of mutation
Books
 d - a book of Geomancy

   Spells                             Type                      Level
   *Sandblast                         Earth                        1
   Stoneskin                          Transmutation/Earth          2
   Passwall                           Transmutation/Earth          3
   Stone Arrow                        Conjuration/Earth            3
   Petrify                            Transmutation/Earth          4
   Lee's Rapid Deconstruction         Earth                        5


   Skills:
 + Level 2.2 Dodging
 + Level 2.9 Stealth
 + Level 2.0 Spellcasting
   Level 1.0 Transmutations
 + Level 3.2 Earth Magic


You had 4 spell levels left.
You knew the following spells:

 Your Spells              Type           Power        Failure   Level  Hunger
a - Sandblast             Erth           ###...       13%         1    #......


Dungeon Overview and Level Annotations

Branches:
Dungeon (4/15)
 Temple: D:4-7

Altars:
Nemelex Xobeh


Innate Abilities, Weirdness & Mutations

You cannot wear most types of armour.
You are amphibious.
You can wear up to eight rings at the same time.
You can use your tentacles to constrict many enemies at once.
Your skin changes colour to match your surroundings (Stealth).
Your rubbery body absorbs attacks (AC +1).
Your spells are a little harder to cast, but a little more powerful.


Message History

There is an escape hatch in the floor here.
You slide downwards.
The hatch slams shut behind you.
Found 13 steel bolts.
You see here 13 steel bolts.
j - 13 steel bolts Read which item? (? for menu, Esc to quit)
As you read the scroll labeled GUYS FAOXAVOSK, it crumbles to dust.
It is a scroll of identify.
Identify which item? (\ to view known items) (? for menu, Esc to quit)
g - a potion of mutation You draw a card...
It is the Mercenary.
You cannot afford Skeucor's fee of 325 gold!
Skeucor attacks!
Skeucor the merfolk comes into view. It is wielding a runed trident.
You draw a card...
It is the Shaft.
The deck of cards disappears in a puff of smoke.
You are now empty-tentacled.
A shaft materialises beneath you!
You stop training Evocations.
Skeucor hits you with a runed trident!!
Ouch! That really hurt!
You die...

... .. #..
##.. ##..#
.#####... #
.........##.#
#.....m@..#
###.....##..#
##..### .#
#.. #.. ...
..#. .###


You could see Skeucor the merfolk.

Vanquished Creatures
  A giant gecko (D:1)
  A giant cockroach (D:1)
  A hobgoblin (D:2)
  A giant newt (D:1)
  A goblin (D:1)
  A kobold (D:2)
  2 rats
8 creatures vanquished.

Notes
Turn   | Place    | Note
--------------------------------------------------------------
     0 | D:1      | dscm, the Octopode Earth Elementalist, began the quest for the Orb.
     0 | D:1      | Reached XP level 1. HP: 11/11 MP: 3/3
   323 | D:1      | Found a sparkling altar of Nemelex Xobeh.
   336 | D:1      | Gained mutation: Your spells are a little harder to cast, but a little more powerful. [helix card]
   418 | D:2      | Reached XP level 2. HP: 13/17 MP: 4/4
   460 | D:4      | Noticed Skeucor
   461 | D:4      | Mangled by Skeucor the merfolk

Action                   || total
-------------------------++-------
Melee: Unarmed           ||    15
Evoke: Deck              ||    10
  Use: Scroll            ||     1
 Stab: Sleeping          ||     3
